 Dungeon Crawl Stone Soup version 0.21.1-1-g345015f (webtiles) character file.

42 Iko the Skirmisher (level 3, -4/30 HPs)
             Began as a Formicid Monk on May 5, 2018.
             Slain by a worker ant (5 damage)
             ... on level 7 of the Dungeon.
             The game lasted 00:06:58 (753 turns).

Iko the Skirmisher (Formicid Monk)                   Turns: 753, Time: 00:06:59

Health: -4/30      AC:  4    Str: 15    XL:     3   Next: 77%
Magic:  3/3        EV: 13    Int: 10    God:
Gold:   172        SH:  0    Dex: 13    Spells: 2/2 levels left

rFire    . . .     SeeInvis +   a - +0 mace
rCold    . . .     Gourm    .   (no shield)
rNeg     . . .     Faith    .   b - +0 robe
rPois    +         Spirit   .   (helmet unavailable)
rElec    .         Reflect  .   (no cloak)
rCorr    .         Harm     .   (no gloves)
MR       .....                  (no boots)
Stlth    ++........             (no amulet)
HPRegen  0.10/turn              (no ring)
MPRegen  0.08/turn              (no ring)

@: no status effects
A: permanent stasis, dig shafts and tunnels, four strong arms, antennae 3, icy
blue scales 1, high mp 1, poison resistance
a: Dig, Shaft Self


You were on level 7 of the Dungeon.
You were not hungry.

You visited 1 branch of the dungeon, and saw 7 of its levels.

You collected 172 gold pieces.

Inventory:

Hand Weapons
 a - a +0 mace (weapon)
Armour
 b - a +0 robe (worn)
Scrolls
 d - a scroll of teleportation
 e - a scroll of fog
Comestibles
 c - 4 rations


   Skills:
 + Level 3.6 Fighting
 + Level 3.5 Maces & Flails
 + Level 3.3 Dodging
 + Level 2.4 Stealth


You had 2 spell levels left.
You didn't know any spells.

Dungeon Overview and Level Annotations

Branches:
Dungeon (8/15)
 Temple: D:4-7         Lair: D:8-11

Altars:


Innate Abilities, Weirdness & Mutations

You cannot be hasted, slowed, berserked, paralysed or teleported.
You can dig through walls and to a lower floor.
Your four strong arms can wield two-handed weapons with a shield.
You have a pair of large antennae on your head. (SInv)
You are partially covered in icy blue scales. (AC +2)
You have an increased reservoir of magic. (+10% MP)
Your system is resistant to poisons. (rPois)


Message History

The worker ant bites you but does no damage.
You hit the worker ant but do no damage.
The worker ant is heavily wounded.
The worker ant bites you.
* * * LOW HITPOINT WARNING * * *
The worker ant closely misses you.
You hit the worker ant but do no damage.
The worker ant is heavily wounded.
The worker ant closely misses you.
You hit the worker ant.
The worker ant is heavily wounded.
The worker ant bites you!
* * * LOW HITPOINT WARNING * * *
The worker ant barely misses you.
You don't know any spells.
Okay, then.
You hit the worker ant.
The worker ant is almost dead.
The worker ant bites you.
You die...

.. #. #. .. #. #.# #.
##### #...#.####...#
#### #..........#
.....
#...##.###...##......
#. #.# ##..@aY.....
##.## #####......
#.>.### ..... #.....#
#### #...#.# #####.#
#


You could see an ice beast and a worker ant.

Vanquished Creatures
  An adder (D:3)
  A worm (D:2)
  2 leopard geckos
  An orc (D:3)
  3 giant cockroaches
  2 goblins
  3 hobgoblins
  5 jackals
  A quokka (D:3)
  A frilled lizard (D:2)
  A kobold (D:3)
  2 rats
  A fungus (D:1)
24 creatures vanquished.

Notes
Turn   | Place    | Note
-------+----------+-------------------------------------------
     0 | D:1      | Iko the Formicid Monk began the quest for the Orb.
     0 | D:1      | Reached XP level 1. HP: 18/18 MP: 1/1
    25 | D:1      | Gained mutation: Your system is resistant to poisons. (rPois) [potion of mutation]
    25 | D:1      | Gained mutation: You are partially covered in icy blue scales. (AC +2) [potion of mutation]
    25 | D:1      | Gained mutation: You have an increased reservoir of magic. (+10% MP) [potion of mutation]
   117 | D:1      | You fall through a shaft!
   174 | D:2      | Reached XP level 2. HP: 15/24 MP: 2/2
   502 | D:3      | Reached XP level 3. HP: 29/29 MP: 3/3
   593 | D:5      | Entered Level 5 of the Dungeon
   593 | D:5      | Noticed a killer bee
   593 | D:5      | Noticed a killer bee
   593 | D:5      | Noticed a killer bee
   598 | D:5      | You fall through a shaft for 3 floors!
   622 | D:8      | Noticed a two-headed ogre
   637 | D:8      | Noticed a sky beast
   747 | D:7      | Noticed an ice beast
   752 | D:7      | HP: 1/30 [worker ant (7)]
   753 | D:7      | Slain by a worker ant

Skill      XL: |  1  2 |
---------------+-------+-----
Dodging        | 3 |  3.3
Fighting       | |  3.6
Maces & Flails | |  3.5
Stealth        | |  2.4

Action                   || total
-------------------------++-------
Melee: Mace              ||   101
 Abil: Shaft Self        ||     2
       Dig               ||     1
  Use: Scroll            ||     4
       Potion            ||     3
Armor: Robe              ||    22
Dodge: Dodged            ||    82
